 Dungeon Crawl Stone Soup version 0.31-a0-836-g3ceb0a68c4 (webtiles) character file.

Game seed: 16925802431174659940

13887 kae the Mimic (level 11, -11/94 HPs)
             Began as a Pale Draconian Shapeshifter on Sept 26, 2023.
             Was an Elder of Ru.
             Mangled by a cyclops (13 damage)
             ... on level 11 of the Dungeon.
             The game lasted 00:13:35 (11324 turns).

kae the Mimic (Pale Draconian Shapeshifter)        Turns: 11324, Time: 00:13:36

Health: -11/94     AC: 10    Str: 16    XL:     11   Next: 81%
Magic:  0/11       EV: 15    Int: 11    God:    Ru [****..]
Gold:   532        SH:  0    Dex: 15    Spells: 10/10 levels left

rFire   + .          .
                       - Unarmed
rCold   . . .        (shield currently unavailable)
rNeg    . . .        (body armour unavailable)
rPois   .            (helmet restricted)
rElec   .            E - +2 cloak
rCorr   .            (gloves currently unavailable)
SInv    .            (no boots)
Will    .....        G - amulet of guardian spirit
Stlth   +            F - ring of protection from fire
HPRegen 0.35/turn    (no ring)
MPRegen 0.12/turn

%: guardian spirit
@: lethally poisoned (-11 -> -13), short of breath, blade hands
A: breathe steam, AC +7, unfitting armour, cold-blooded, inability to drink
after injury 2, inability to read after injury 2, hated by all, steam resistance
a: Breathe Steam, Begin Untransformation, Renounce Religion, Draw Out Power,
Power Leap


You were on level 11 of the Dungeon.
You worshipped Ru.
Ru was greatly pleased with you.
You had blades for hands.
You visited 2 branches of the dungeon, and saw 12 of its levels.
You also visited: Ossuary and Bailey.

You collected 532 gold pieces.


Innate Abilities, Weirdness & Mutations

You have blades for hands.
You are incapable of wielding weapons or throwing items.
You can breathe blasts of scalding, opaque steam.
Your pale cyan-grey scales are hard. (AC +7)
You cannot fit into any form of body armour.
You are cold-blooded and may be slowed by cold attacks.
You sometimes lose the ability to drink potions when taking damage.
You sometimes lose the ability to read scrolls when taking damage.
You are hated by all.
You are immune to the effects of steam.


   Skills:
 + Level 7.8 Fighting
 + Level 6.3 Dodging
 + Level 10.2 Unarmed Combat
 * Level 12.8 Shapeshifting


You had 10 spell levels left.
You didn't know any spells.
Your spell library contained the following spells:

 Spells                   Type           Power      Damage    Failure   Level
 Sandblast                Erth           0%         2d4       34%         1
 Dazzling Flash           Conj/Hex       0%         N/A       71%         3
 Ozocubu's Armour         Ice            0%         N/A       71%         3
 Stone Arrow              Conj/Erth      0%         3d7       71%         3
 Volatile Blastmotes      Fire/Tloc      0%         2d10      71%         3
 Dispel Undead            Necr           0%         3d6       98%         4
 Metabolic Englaciation   Hex/Ice        0%         N/A       100%        5
 Starburst                Conj/Fire      0%         6d3       100%        6
 Ozocubu's Refrigeration  Ice            0%         4d7       100%        7
 Maxwell's Capacitive Co  Air            0%         ∞         100%        8
 Polar Vortex             Ice            0%         N/A       100%        9
 Animate Dead             Necr           Unusable   N/A       N/A         4
 Summon Ice Beast         Ice/Summ       Unusable   N/A       N/A         4
 Summon Mana Viper        Hex/Summ       Unusable   N/A       N/A         5
 Simulacrum               Ice/Necr       Unusable   N/A       N/A         6
 Monstrous Menagerie      Summ           Unusable   N/A       N/A         7
 Infestation              Necr           Unusable   N/A       N/A         8

Inventory:

Hand Weapons
 u - the +10 battleaxe "Syrhapp Ynoc" {elec, *Rage rElec rPois SInv}
   (You found it in a bailey)

   rElec:     It insulates you from electricity.
   rPois:     It protects you from poison SInv: It lets you see invisible.
   *Rage:     It berserks you when you make melee attacks (+20% chance).
Missiles
 e - 33 stones
 g - a throwing net {=f!f}
 x - 4 curare-tipped darts {=f}
 y - 9 poisoned darts
 I - 3 boomerangs
Armour
 E - a +2 cloak (worn)
   (You took it off Crazy Yiuf on level 7 of the Dungeon)
Magical Staves
 A - a staff of fire {!a}
   (You found it on level 7 of the Dungeon)
Jewellery
 C - a ring of ice
   (You found it on level 4 of the Dungeon)
 F - a ring of protection from fire (left blade hand)
   (You found it on level 6 of the Dungeon)
 G - an amulet of guardian spirit (around neck)
   (You found it on level 8 of the Dungeon)
 T - an amulet of faith {!P}
   (You found it on level 10 of the Dungeon)
Talismans
 b - a beast talisman
 c - a flux talisman
 f - a blade talisman (active)
   (You found it on level 2 of the Dungeon)
Wands
 D - a wand of mindburst (24)
   (You found it on level 7 of the Dungeon)
 L - a wand of acid (3)
   (You took it off Joseph on level 10 of the Dungeon)
Scrolls
 j - 6 scrolls of teleportation {@r4}
 o - 8 scrolls of fog
 s - 3 scrolls of enchant weapon
 w - 2 scrolls of blinking {!r}
 J - a scroll of amnesia
Potions
 a - a potion of resistance {unknown}
 h - 3 potions of mutation {!q}
 i - a potion of magic
 k - 5 potions of curing {@q1}
 l - 2 potions of haste {@q3}
 m - 7 potions of might {unknown}
 p - 2 potions of attraction {unknown}
 q - 4 potions of degeneration {!q}
 r - 4 potions of cancellation
 t - a potion of heal wounds {@q2}
 v - a potion of brilliance
 z - 2 potions of ambrosia
 K - a potion of berserk rage {unknown}
Miscellaneous
 B - a phantom mirror
   (You found it on level 9 of the Dungeon)

Dungeon Overview and Level Annotations

Branches:
Dungeon (11/15) Zot: 26798  Temple (1/1) D:4 Zot: 5963    Lair (0/5) D:8
Ossuary (visited)          Bailey (visited)
    Orc: D:9-12

Altars:
Ashenzari
Cheibriados
Dithmenos
Elyvilon
Gozag
Kikubaaqudgha
Makhleb
Nemelex Xobeh
Okawaru
Qazlal
Ru
Sif Muna
Trog
Uskayaw
Vehumet
Wu Jian
Xom
Zin
The Shining One

Shops:
D:5 (   D:8 !([((

Annotations:
D:6 3 runed translucent doors, JaaP's ghost, novice GnCj; bmj180's ghost, novice AtFi; bmj180's ghost, novice HuCj

##################
.................#
################.#
#@# #C#########
#.#........
#####'#...C....
#........y.....
#....≈~........
###
#...~~~.#######
#.. .........# #.#
##........#


You could see a cyclops.


Message History

😨 MP[+1] 😨 HP[+1] 😨 HP[+1] 😨 HP[+1] 😨 HP[+1] MP[+1] 😮 HP[+1]
Found a stone staircase leading down. 😮 HP[+1] 😮 MP[+1]
Your mp is fully restored (11). 😮 HP[+1]
You hear the stately tolling of a very distant bell. 😮 HP[+1] 😮 HP[+1] 😮 HP[+1] 😮 HP[+1] 😮 HP[+1] 😮 HP[+1] 😮 HP[+1] 😮 HP[+1] 😮 HP[+1] 😮 HP[+1]
You open the door. 😮 HP[+1]
There is an open door here.
A cyclops and a hornet come into view.
The cyclops shouts!
Something hits you.
Deactivating autopickup; reactivate with Ctrl-A.
Something completely misses you. Something hits you but does no damage.
Something hits you but does no damage.
There is an open door here. 😮 HP[+1]
Something hits you but does no damage. Something barely misses you.
Something hits you but does no damage.
Something hits you but does no damage. 😮 HP[+1]
Okay, then.
Unknown command.
Aiming: Breathe Steam (1% risk of failure)
Press: ? - help, Q - select action, (/) - cycle Shift-Dir - straight line, f - hornet
Aim: a hornet (60% to hit)
You exhale a blast of scalding steam.
The ball of steam hits something!
The ball of steam hits the hornet.
Something hits you.
The hornet is engulfed in a cloud of scalding steam. 😮 HP[-2]
You take 2 damage, and now have 60/93 hp.
You slice something!!
Reactivating autopickup.
You feel a bit more experienced.
The hornet is engulfed in a cloud of scalding steam. 😮 HP[+1]
You now have 94 max hp (+1).
You miss the hornet. You slash the hornet. The hornet stings you.
You feel yourself slow down. 😮 HP[-4] MP[-1]
You take 4 damage, and now have 57/94 hp.
You lost 1 mp, and now have 10/11 mp.
You barely miss the hornet.
You tail-slap the hornet, but do no damage.
The hornet stings you!
* * * LOW HITPOINT WARNING * * *
You are poisoned.
You suddenly lose the ability to move!
The hornet stings you.
* * * LOW HITPOINT WARNING * * *
You feel as though you will be slow longer.
You can move again. 😨 HP[-16] MP[-2]
You take 16 damage, and now have 41/94 hp.
You lost 2 mp, and now have 8/11 mp.
You slash the hornet!
You feel very sick.
The hornet closely misses you. x2 😨 HP[-4]
You take 4 damage, and now have 37/94 hp.
You slash the hornet!
You kill the hornet!
You feel sick. 😨 HP[-1]
You take 1 damage, and now have 36/94 hp.
Unknown command.
You feel very sick. The cyclops hits you!!
* * * LOW HITPOINT WARNING * * *
You see here a hornet corpse. 😱 HP[-20] MP[-4]
You take 20 damage, and now have 16/94 hp.
MASSIVE DAMAGE!! (PAUSE)
You lost 4 mp, and now have 4/11 mp.
You slice the cyclops!!
You feel sick. The cyclops hits you!
* * * LOW HITPOINT WARNING * * *
😱 HP[-13] MP[-3]
You take 13 damage, and now have 3/94 hp.
You lost 3 mp, and now have 1/11 mp.
You hit the cyclops.
You feel yourself speed up.
* * * LOW HITPOINT WARNING * * *
You feel sick. The cyclops hits you!
You die...

Skill      XL: |  1  2  3  4  5  6  7  8  9 10 11 |
---------------+----------------------------------+-----
Unarmed Combat | 4 5 6 7 8 9 10 | 10.2
Shapeshifting  | 5 6 7 9 10 11 12 | 12.8
Fighting       | 4 6 7 |  7.8
Dodging        | 3 5 6 |  6.3

Action                     |  1- 3 |  4- 6 |  7- 9 | 10-12 || total
---------------------------+-------+-------+-------+-------++-------
  Melee: Unarmed           |    83 |   231 |   145 |   323 ||   782
         Tailslap          |     8 |    36 |    17 |    43 ||   104
         Punch             |     2 |     2 |       |    17 ||    21
 Invoke: Sacrifice Love    |       |       |     1 |       ||     1
         Sacrifice Drink   |       |       |       |     1 ||     1
         Sacrifice Words   |       |       |       |     1 ||     1
Ability: Breathe Steam     |       |       |    22 |    13 ||    35
    Use: Scroll            |     1 |     4 |    10 |     7 ||    22
         Potion            |       |     2 |     2 |     2 ||     6
   Stab: Sleeping          |     2 |     3 |       |       ||     5
         Distracted        |     1 |       |       |     1 ||     2
         Invisible         |       |       |       |     1 ||     1
 Armour: Skin              |    34 |   132 |   114 |   210 ||   490
  Dodge: Dodged            |    54 |   128 |    93 |   200 ||   475
   Form: Flux              |       |     1 |       |       ||     1
         Blade             |       |       |     1 |       ||     1

Levels and vault maps discovered:
D:1:      saegor_arrival_simple_a, layout_basic
D:2:      layout_loops_corners, hellmonk_ecumenical_altar_lost_god, uniq_sigmund
D:3:      layout_basic, hangedman_abyss_or_decor_stabs, uniq_terence,
          uniq_jessica, uniq_robin
D:4:      kennysheep_slugbush, layout_loops_ring, kennysheep_little_box,
          minmay_temple_entry_antechambers
D:5:      layout_gridville, serial_shops, shop,
          hangedman_abyss_or_decor_lesser_grid
D:6:      layout_layer_cave, gammafunk_ghost_cemetery, nrook_loot_triangle,
          kennysheep_flooded_box
D:7:      layout_basic, gammafunk_temple_overflow_statue, enter_bailey_4,
          dreamdust_princess_bridge, uniq_crazy_yiuf_cottage, uniq_maggie
D:8:      layout_basic, minitemple, hellmonk_lair_entry_icy, serial_shops,
          nicolae_shop_competitors_out_of_business, nicolae_shop_hallway_plus,
          nicolae_shop_bloodbath_and_beyond, nicolae_shop_stone,
          nicolae_shop_tiny_statue_garden, lightli_ossuary_entry_decrepit_ruins
D:9:      layout_basic, nicolae_phantomly_mirrored
D:10:     layout_cave_pools, small_statue_intersection, uniq_joseph
D:11:     layout_basic, orc_0_dummy, serial_shops, bzr_entry_dummy,
          uniq_nergalle
Temple:   bh_familiar_temple

Notes
Turn   | Place    | Note
-------+----------+-------------------------------------------
     0 | D:1      | kae the Draconian Shapeshifter began the quest for the Orb.
     0 | D:1      | Reached XP level 1. HP: 16/16 MP: 1/1
     0 | D:1      | magus.rc [v1.11.3]
    97 | D:1      | Reached XP level 2. HP: 17/23 MP: 2/2
   291 | D:1      | You fall into a shaft and drop 1 floor!
   291 | D:2      | Found a faded altar of an unknown god.
   481 | D:1      | Reached XP level 3. HP: 20/28 MP: 3/3
  1207 | D:2      | Noticed Sigmund
  1225 | D:2      | Killed Sigmund
  1226 | D:2      | Reached skill level 4 in Unarmed Combat
  1226 | D:2      | Reached skill level 5 in Shapeshifting
  1226 | D:2      | Reached XP level 4. HP: 34/35 MP: 4/4
  1226 | D:2      | Reached XP level 5. HP: 39/40 MP: 5/5
  1852 | D:3      | You pick up a book of Beasts and begin reading...
  1852 | D:3      | You add the spells Summon Ice Beast, Summon Mana Viper and
                  | Monstrous Menagerie to your library.
  1976 | D:3      | Reached XP level 6. HP: 27/47 MP: 6/6
  2075 | D:3      | You pick up a book of Spectacle and begin reading...
  2075 | D:3      | You add the spells Volatile Blastmotes, Dazzling Flash,
                  | Starburst and Maxwell's Capacitive Coupling to your
                  | library.
  2243 | D:3      | Noticed Terence
  2259 | D:3      | Killed Terence
  2422 | D:3      | Noticed Jessica
  2422 | D:3      | Noticed Robin
  2451 | D:3      | Killed Jessica
  2605 | D:3      | Killed Robin
  3200 | D:4      | Reached skill level 5 in Unarmed Combat
  3295 | D:4      | Reached skill level 6 in Shapeshifting
  3440 | D:4      | HP: 9/39 [gnoll/+0 spear[a gnoll bouda] (2)]
  3442 | D:4      | HP: 4/39 [gnoll bouda/+0 club (2)]
  3450 | D:4      | HP: 4/41 [gnoll/+0 spear[a gnoll bouda] (2)]
  3745 | D:4      | Found a staircase to the Ecumenical Temple.
  3757 | Temple   | Entered the Ecumenical Temple
  3776 | Temple   | Became a worshipper of Ru the Awakened
  3822 | D:4      | Your scales start taking on a pale cyan-grey colour.
  3822 | D:4      | Reached XP level 7. HP: 49/52 MP: 7/7
  3822 | D:4      | Gained mutation: You are immune to the effects of steam.
                  | [Pale Draconian growth]
  4005 | D:4      | You pick up a book of Winter and begin reading...
  4005 | D:4      | You add the spells Ozocubu's Armour, Metabolic Englaciation
                  | and Simulacrum to your library.
  4235 | D:4      | Found a snail-covered altar of Cheibriados.
  4259 | D:5      | Entered Level 5 of the Dungeon
  4573 | D:5      | You pick up a book of Ice and begin reading...
  4573 | D:5      | You add the spells Ozocubu's Refrigeration and Polar Vortex
                  | to your library.
  4578 | D:5      | Identified the +5 dagger of Deaskil {speed, *Noise Drain
                  | Int+8 SInv}
  4591 | D:5      | Reached skill level 7 in Shapeshifting
  4605 | D:5      | Found Jakku's Antique Weapon Shop.
  4614 | D:5      | Reached skill level 6 in Unarmed Combat
  4878 | D:5      | Reached XP level 8. HP: 59/59 MP: 8/8
  5058 | D:6      | Gained mutation: You are hated by all. [Ru sacrifice]
  5058 | D:6      | Reached * piety under Ru
  5164 | D:6      | Reached skill level 8 in Shapeshifting
  5509 | D:6      | Found a runed translucent gate.
  5509 | D:6      | Found a runed translucent gate.
  5509 | D:6      | Found a runed translucent gate.
  5567 | D:6      | Noticed bmj180's ghost (novice HuCj)
  5567 | D:6      | Noticed JaaP's ghost (novice GnCj)
  5567 | D:6      | Noticed bmj180's ghost (novice AtFi)
  5672 | D:7      | Reached skill level 7 in Unarmed Combat
  5677 | D:7      | HP: 12/59 [wight/+3 flail of freezing (10)]
  5734 | D:7      | Reached skill level 9 in Shapeshifting
  5749 | D:7      | Found a flagged portal.
  5765 | Bailey   | Entered a bailey
  5859 | Bailey   | Reached XP level 9. HP: 62/67 MP: 9/9
  5885 | Bailey   | Reached skill level 2 in Fighting
  6160 | Bailey   | Reached skill level 3 in Fighting
  6212 | Bailey   | Identified the +6 hand axe of the Hills {heavy, Will+
                  | Stlth+}
  6278 | Bailey   | Reached skill level 2 in Dodging
  6296 | Bailey   | Noticed a two-headed ogre
  6306 | Bailey   | Killed a two-headed ogre
  6307 | Bailey   | Reached skill level 4 in Fighting
  6307 | Bailey   | Reached skill level 8 in Unarmed Combat
  6307 | Bailey   | Reached skill level 10 in Shapeshifting
  6442 | Bailey   | Identified the +10 battleaxe "Syrhapp Ynoc" {elec, *Rage
                  | rElec rPois SInv}
  6526 | D:7      | Reached skill level 3 in Dodging
  6899 | D:7      | Noticed Maggie
  6908 | D:7      | Killed Maggie
  6909 | D:7      | Reached XP level 10. HP: 67/80 MP: 10/10
  6957 | D:7      | Found a shadowy altar of Dithmenos.
  6958 | D:7      | Found a shimmering altar of Xom.
  7244 | D:7      | Found a runed translucent door.
  7245 | D:7      | Noticed Crazy Yiuf
  7251 | D:7      | Killed Crazy Yiuf
  7332 | D:8      | Found Kedonk's Armour Shoppe.
  7356 | D:8      | Found a sand-covered staircase.
  7368 | Ossuary  | Entered an ossuary
  7464 | Ossuary  | Gained mutation: You occasionally lose the ability to drink
                  | potions when taking damage. [Ru sacrifice]
  7464 | Ossuary  | Gained mutation: You sometimes lose the ability to drink
                  | potions when taking damage. [Ru sacrifice]
  7464 | Ossuary  | Reached ** piety under Ru
  7464 | Ossuary  | Reached *** piety under Ru
  7653 | Ossuary  | Noticed Menkaure
  7664 | Ossuary  | Killed Menkaure
  7665 | Ossuary  | Reached skill level 5 in Fighting
  7759 | D:8      | Found Nucuig's Weapon Emporium.
  7940 | D:8      | Found Ifiesion's Weapon Boutique.
  7992 | D:8      | Found a staircase to the Lair.
  8137 | D:8      | Reached skill level 4 in Dodging
  8137 | D:8      | Reached skill level 11 in Shapeshifting
  8357 | D:8      | Identified the +5 chain mail of Daisies {rPois Int-3
                  | Stlth+}
  8416 | D:8      | Reached skill level 9 in Unarmed Combat
  8569 | D:8      | Found Vaesus's Weapon Boutique.
  8625 | D:8      | Reached skill level 6 in Fighting
  8646 | D:8      | Found Cateppof's Distillery.
  8840 | D:8      | Found a shimmering blue altar of Sif Muna.
  8844 | D:8      | Found a broken altar of Ashenzari.
  9031 | D:9      | Noticed a centaur warrior
  9037 | D:9      | Killed a centaur warrior
  9038 | D:9      | Reached skill level 5 in Dodging
  9038 | D:9      | Reached XP level 11. HP: 85/90 MP: 9/11
  9065 | D:9      | Noticed a two-headed ogre
  9069 | D:9      | Noticed a two-headed ogre
  9075 | D:9      | Killed a two-headed ogre
  9081 | D:9      | Killed a two-headed ogre
  9082 | D:9      | Reached skill level 12 in Shapeshifting
  9411 | D:9      | You add the spells Sandblast, Stone Arrow and Dispel Undead
                  | to your library.
  9411 | D:9      | Got a parchment book
  9741 | D:9      | Gained mutation: You occasionally lose the ability to read
                  | scrolls when taking damage. [Ru sacrifice]
  9741 | D:9      | Gained mutation: You sometimes lose the ability to read
                  | scrolls when taking damage. [Ru sacrifice]
  9741 | D:9      | Reached **** piety under Ru
  9858 | D:9      | Reached skill level 7 in Fighting
  9971 | D:10     | Entered Level 10 of the Dungeon
 10594 | D:10     | Noticed a two-headed ogre
 10606 | D:10     | Killed a two-headed ogre
 10843 | D:10     | Noticed Joseph
 10852 | D:10     | Killed Joseph
 11127 | D:11     | Noticed a two-headed ogre
 11133 | D:11     | Killed a two-headed ogre
 11134 | D:11     | Reached skill level 6 in Dodging
 11134 | D:11     | Reached skill level 10 in Unarmed Combat
 11178 | D:11     | Noticed Nergalle
 11190 | D:11     | HP: 17/82 [vampire (5)]
 11194 | D:11     | Killed Nergalle
 11195 | D:11     | HP: 13/91 [something (6)]
 11197 | D:11     | HP: 6/91 [something (7)]
 11319 | D:11     | Paralysed by a hornet for 1 turns
 11322 | D:11     | HP: 16/94 [cyclops (17)]
 11323 | D:11     | HP: 3/94 [cyclops (13)]
 11324 | D:11     | Mangled by a cyclops

Vanquished Creatures
  A centaur warrior (D:9)
  5 two-headed ogres
  Nergalle (D:11)
  Joseph (D:10)
  A rime drake (D:8)
  Maggie (D:7)
  An unseen horror (D:11)
  A hornet (D:11)
  A polar bear (D:8)
  A vampire (D:11)
  A shadow (D:9)
  3 spriggans (Bailey)
  Sigmund (D:2)
  10 yaks
  2 vampire mosquitoes (D:10)
  4 steam dragons
  Menkaure (Ossuary)
  An acid dragon (D:11)
  2 black bears (D:5)
  5 ice beasts (D:8)
  4 orc warriors
  2 boggarts (D:9)
  9 ogres
  2 wolves (D:8)
  3 centaurs
  2 kobold brigands
  5 bullfrogs
  3 scorpions
  6 wights
  17 killer bees
  A howler monkey (D:9)
  A jelly (D:7)
  4 orc priests
  A hound (D:6)
  A gnoll bouda (D:4)
  Crazy Yiuf (D:7)
  Jessica (D:3)
  2 iguanas
  2 sleepcaps
  Terence (D:3)
  8 orc wizards
  3 mummies (Ossuary)
  Robin (D:3)
  5 gnolls
  6 adders
  2 white imps
  An ufetubus (D:5)
  A worm (D:2)
  13 dart slugs
  39 orcs
  5 ball pythons
  4 bats
  5 endoplasms
  3 giant cockroaches
  23 goblins
  10 hobgoblins
  10 jackals
  2 quokkas (D:5)
  3 frilled lizards
  2 gnoll skeletons (Ossuary)
  4 gnoll zombies (Ossuary)
  3 goblin skeletons (Ossuary)
  7 goblin zombies (Ossuary)
  7 hobgoblin skeletons (Ossuary)
  4 hobgoblin zombies (Ossuary)
  15 kobolds
  3 kobold skeletons (Ossuary)
  6 kobold zombies (Ossuary)
  3 orc skeletons (Ossuary)
  3 orc zombies (Ossuary)
  5 rats
  7 rat skeletons (Ossuary)
  A rat zombie (Ossuary)
326 creatures vanquished.

Vanquished Creatures (others)
  A centaur (D:6)
  A kobold (D:10)
2 creatures vanquished.

Grand Total: 328 creatures vanquished

Table legend:
 A = Non-vault XP
 B = Vault XP
 C = Vault XP percentage of total XP
 D = Non-vault monster count
 E = Vault monster count
 F = Vault count percentage of total count
                 A         B        C        D         E       F
            +---------+---------+-------+---------+---------+-------
      Total |   11838 |    8001 |  40.3 |     216 |     111 |  33.9
            +---------+---------+-------+---------+---------+-------
        D:1 |      44 |       0 |   0.0 |      23 |       0 |   0.0
        D:2 |      56 |     214 |  79.3 |      18 |       1 |   5.3
        D:3 |     109 |     109 |  50.0 |      22 |      14 |  38.9
        D:4 |     324 |      40 |  11.0 |      23 |      10 |  30.3
        D:5 |     622 |       0 |   0.0 |      17 |       0 |   0.0
        D:6 |     469 |       0 |   0.0 |      14 |       0 |   0.0
        D:7 |    1242 |     447 |  26.5 |      20 |       7 |  25.9
        D:8 |    2213 |    1566 |  41.4 |      23 |       9 |  28.1
        D:9 |    2337 |    1883 |  44.6 |      28 |       4 |  12.5
       D:10 |    2533 |     423 |  14.3 |      23 |       1 |   4.2
       D:11 |    1889 |     761 |  28.7 |       5 |       1 |  16.7
    Ossuary |       0 |     277 | 100.0 |       0 |      54 | 100.0
     Bailey |       0 |    2281 | 100.0 |       0 |      10 | 100.0
            +---------+---------+-------+---------+---------+-------

Skill      XL: |  1  2  3  4  5  6  7  8  9 10 11 |
---------------+----------------------------------+-----
Unarmed Combat | 4 5 6 7 8 9 10 | 10.2
Shapeshifting  | 5 6 7 9 10 11 12 | 12.8
Fighting       | 4 6 7 |  7.8
Dodging        | 3 5 6 |  6.3

Action                     |  1- 3 |  4- 6 |  7- 9 | 10-12 || total
---------------------------+-------+-------+-------+-------++-------
  Melee: Unarmed           |    83 |   231 |   145 |   323 ||   782
         Tailslap          |     8 |    36 |    17 |    43 ||   104
         Punch             |     2 |     2 |       |    17 ||    21
 Invoke: Sacrifice Love    |       |       |     1 |       ||     1
         Sacrifice Drink   |       |       |       |     1 ||     1
         Sacrifice Words   |       |       |       |     1 ||     1
Ability: Breathe Steam     |       |       |    22 |    13 ||    35
    Use: Scroll            |     1 |     4 |    10 |     7 ||    22
         Potion            |       |     2 |     2 |     2 ||     6
   Stab: Sleeping          |     2 |     3 |       |       ||     5
         Distracted        |     1 |       |       |     1 ||     2
         Invisible         |       |       |       |     1 ||     1
 Armour: Skin              |    34 |   132 |   114 |   210 ||   490
  Dodge: Dodged            |    54 |   128 |    93 |   200 ||   475
   Form: Flux              |       |     1 |       |       ||     1
         Blade             |       |       |     1 |       ||     1

Illustrated notes

Table legend:
 A = Kills in this place as a percentage of kills in the entire game.
 B = Kills by you in this place as a percentage of kills by you in the entire game.
 C = Kills by friends in this place as a percentage of kills by friends in the entire game.
 D = Other kills in this place as a percentage of other kills in the entire game.
 E = Experience gained in this place as a percentage of experience gained in the entire game.
 F = Experience gained in this place divided by the number of levels of this place that you have seen.
                   A       B       C       D       E      F
               +-------+-------+-------+-------+-------+----------------------
         Total | 100.0 | 100.0 |   N/A | 100.0 | 100.0 | 1417.1
       Dungeon |  80.4 |  80.4 |   N/A | 100.0 |  87.1 | 1571.0
       Ossuary |  16.5 |  16.6 |   N/A |   0.0 |   1.4 | 277.0
        Bailey |   3.1 |   3.1 |   N/A |   0.0 |  11.5 | 2281.0
               +-------+-------+-------+-------+-------+----------------------

Table legend: (Time is in decaauts)
 A = Elapsed time spent in this place.
 B = Non-inter-level travel time spent in this place.
 C = Inter-level travel time spent in this place.
 D = Time resting spent in this place.
 E = Time spent auto-exploring this place.
 F = Levels seen in this place.
 G = Mean time per level.
                   A        B        C        D        E       F      G
               +--------+--------+--------+--------+--------+-----+--------+
         Total |  11278 |  10977 |    301 |   1177 |   7528 |  14 |  805.6 |
       Dungeon |  10180 |   9913 |    267 |    727 |   7364 |  11 |  925.5 |
        Temple |     36 |      2 |     34 |      0 |      1 |   1 |   36.0 |
       Ossuary |    329 |    329 |      0 |      0 |    134 |   1 |  329.0 |
        Bailey |    732 |    732 |      0 |    450 |     29 |   1 |  732.0 |
               +--------+--------+--------+--------+--------+-----+--------+

Top non-repeatable levels by time:
     D:8: 1212 daAuts
     D:4: 1208 daAuts
     D:3: 1181 daAuts
    D:10: 1143 daAuts
     D:9: 1077 daAuts
     D:7: 955 daAuts
     D:2: 921 daAuts
     D:1: 905 daAuts
     D:5: 740 daAuts
  Bailey: 732 daAuts
     D:6: 634 daAuts
 Ossuary: 329 daAuts
    D:11: 200 daAuts
  Temple: 36 daAuts
